 Dungeon Crawl Stone Soup version 0.27-a0-1342-ga99462a43c (webtiles) character file.

Game seed: 5795771211468864370

185 Delamore the Sneak (level 5, -3/36 HPs)
             Began as an Octopode Brigand on June 27, 2021.
             Slain by Natasha (6 damage)
             ... on level 3 of the Dungeon.
             The game lasted 00:02:51 (2413 turns).

Delamore the Sneak (Octopode Brigand)               Turns: 2413, Time: 00:02:51

Health: -3/36      AC:  1    Str: 10    XL:     5   Next: 64%
Magic:  5/5        EV: 12    Int: 13    God:
Gold:   85         SH:  0    Dex: 15    Spells: 4/4 levels left

rFire    . . .     SeeInvis .   p - +0 dagger (venom)
rCold    + . .     Faith    .   (no shield)
rNeg     . . .     Spirit   .   (helmet restricted)
rPois    +         Reflect  .   (no amulet)
rElec    .         Harm     .   g - ring of poison resistance
rCorr    .         Rampage  .   d - ring of protection from cold
Will     .....                  (no ring)
Stlth    +++.......             (no ring)
HPRegen  0.12/turn              (no ring)
MPRegen  0.09/turn              (no ring)
                                (no ring)
                                (no ring)

@: confused
A: almost no armour, amphibious, 8 rings, camouflage 1, gelatinous body 1,
(nimble swimmer 1), tentacles
a: no special abilities


You were on level 3 of the Dungeon.
You visited 1 branch of the dungeon, and saw 3 of its levels.

You collected 85 gold pieces.

Inventory:

Hand Weapons
 a - a +2 dagger
 p - a +0 dagger of venom (weapon)
Missiles
 b - 21 poisoned darts (quivered)
 c - 2 curare-tipped darts
Jewellery
 d - a ring of protection from cold (right tentacle)
 g - a ring of poison resistance (left tentacle)
Wands
 h - a wand of polymorph (10)
 o - a wand of mindburst (10)
Scrolls
 f - a scroll of blinking {unknown}
 k - 2 scrolls of noise {unknown}
 m - 2 scrolls of amnesia
 n - a scroll of immolation {unknown}
Potions
 e - a potion of heal wounds
 i - a potion of curing
 j - 3 potions of attraction {unknown}
 l - a potion of might


   Skills:
 + Level 3.2 Fighting
 + Level 3.2 Short Blades
 - Level 2.0 Throwing
 - Level 1.0 Dodging
 * Level 7.6 Stealth


You had 4 spell levels left.
You didn't know any spells.
Your spell library was empty.

Dungeon Overview and Level Annotations

Branches:
Dungeon (3/15)

Altars:
Beogh

Annotations:
D:3 Natasha


Innate Abilities, Weirdness & Mutations

You cannot wear most types of armour.
You are amphibious.
You can wear up to eight rings at the same time.
Your skin changes colour to match your surroundings (Stealth+).
Your rubbery body absorbs attacks. (AC +1, EV +1)
((You are camouflaged near water. (Stealth+)))
You have tentacles for arms and can constrict up to eight enemies at once.


Message History

Deactivating autopickup; reactivate with Ctrl-A.
The orc hits you with a +0 dagger. The orc misses you. Something hits you.
You hit the orc but do no damage. Your grab misses the orc.
You squeeze the orc, but do no damage. The orc closely misses you.
The orc hits you with a +0 dagger.
You barely miss the orc. You grab the orc.
You squeeze the orc, but do no damage. You constrict the orc.
Something hits you. The orc closely misses you.
The orc hits you with a +1 mace of holy wrath.
Natasha, Servant of Life and Death comes into view.
Natasha hisses angrily.
You hit the orc.
The orc is poisoned.
Your grab misses the orc.
The orc is moderately wounded.
You constrict the orc. Something hits you. The orc barely misses you.
The orc closely misses you.
You hit the orc but do no damage.
The orc is moderately wounded.
You constrict the orc.
You kill the orc!
Something hits you. The orc misses you.
You completely miss the orc.
The orc is heavily wounded.
You constrict the orc. Something hits you. The orc barely misses you.
You release your grip on the orc.
You hear some strange, mumbled words.
You are confused.
You're too confused to move!
Natasha misses you. Something hits you. The orc barely misses you.
You hit Natasha.
Natasha is poisoned.
You squeeze Natasha.
Natasha is heavily wounded.
Natasha drinks a potion.
Natasha is healed!
Natasha looks more healthy.
You hear some strange, mumbled words.
Something tries to affect you, but you resist.
The orc hits you with a +1 mace of holy wrath!
Natasha claws you!
* * * LOW HITPOINT WARNING * * *
You hit Natasha but do no damage.
Natasha is poisoned.
Natasha is moderately wounded.
The orc barely misses you. Natasha claws you.
You die...

#. #...... #.
########## #.....[
#.###........ #...##)
####..........# #.#....
.............# #
#.#.##. #.)........##.
#.#.... #.............
#)#...[ #....h.....#
#.#.#.... #....o@....#
#.#.#.... #..........#
#.#.#.#.. #..........#
#.#...... #..........#
#.###....
#.#+#####.#####.######>
#. #.#...........^ #.
#.#.#.#.#.#.#..
#..............
#..#.#.#.#.#.#.


You could see Natasha (very poisoned) and an orc.

Vanquished Creatures
  Terence (D:2)
  An orc wizard (D:3)
  4 gnolls (D:3)
  4 dart slugs
  13 orcs (D:3)
  11 ball pythons
  2 endoplasms (D:1)
  5 giant cockroaches (D:1)
  5 goblins
  3 hobgoblins
  3 jackals
  2 kobolds
  4 quokkas
  7 bats
  4 frilled lizards
  5 rats
74 creatures vanquished.

Notes
Turn   | Place    | Note
-------+----------+-------------------------------------------
     0 | D:1      | Delamore the Octopode Brigand began the quest for the Orb.
     0 | D:1      | Reached XP level 1. HP: 14/14 MP: 1/1
    58 | D:1      | Reached XP level 2. HP: 19/19 MP: 2/2
   283 | D:1      | Reached skill level 6 in Stealth
   382 | D:1      | Reached XP level 3. HP: 16/25 MP: 3/3
  1372 | D:3      | Reached XP level 4. HP: 30/30 MP: 4/4
  1372 | D:3      | Noticed Terence
  1393 | D:2      | Killed Terence
  1615 | D:3      | Reached skill level 7 in Stealth
  1619 | D:3      | Reached XP level 5. HP: 36/36 MP: 5/5
  1851 | D:3      | Found a faded altar of an unknown god.
  2403 | D:3      | Noticed Natasha
  2413 | D:3      | Slain by Natasha

Illustrated notes

Levels and vault maps discovered:
D:1:      minmay_arrival_checkered_box, layout_loops_ring
D:2:      layout_rooms
D:3:      layout_basic, hellmonk_ecumenical_altar_defaced_shrine,
          minmay_misc_feat_pillars, kennysheep_generic_room_3, uniq_natasha,
          uniq_grinder, uniq_terence

Skill      XL: |  1  2  3  4 |
---------------+-------------+-----
Stealth        | 6 7 |  7.6
Fighting       | 3 |  3.2
Short Blades   | 3 |  3.2
Throwing       | |  2.0
Dodging        | |  1.0

Action                   |  1- 3 |  4- 6 || total
-------------------------+-------+-------++-------
Melee: Dagger            |    72 |    55 ||   127
       Tentacles         |    12 |    10 ||    22
       Constrict         |    15 |    12 ||    27
Throw: Dart              |       |     4 ||     4
Evoke: Wand              |       |     1 ||     1
  Use: Scroll            |       |     3 ||     3
 Stab: Sleeping          |    19 |    10 ||    29
       Distracted        |     1 |       ||     1
Armor: Skin              |     9 |     1 ||    10
Dodge: Dodged            |    29 |    27 ||    56

Table legend: (Time is in decaauts)
 A = Elapsed time spent in this place.
 B = Non-inter-level travel time spent in this place.
 C = Inter-level travel time spent in this place.
 D = Time resting spent in this place.
 E = Time spent auto-exploring this place.
 F = Levels seen in this place.
 G = Mean time per level.
                   A        B        C        D        E       F      G
               +--------+--------+--------+--------+--------+-----+--------+
         Total |   2394 |   2363 |     31 |    382 |   1524 |   3 |  798.0 |
       Dungeon |   2394 |   2363 |     31 |    382 |   1524 |   3 |  798.0 |
               +--------+--------+--------+--------+--------+-----+--------+

Top non-repeatable levels by time:
     D:3: 922 daAuts
     D:1: 852 daAuts
     D:2: 619 daAuts
